AoeStats
← Blazing Cartesia, The Virtuous

Arabia

508172720Analyzed
1v1 RM · 12d ago on Sep 21, 2026· 69m 10s· 2 players
Game mode
Random Map
Map size
Tiny (2 player)
Population
200
Speed
Normal
Resources
Standard
Victory
Conquest
Starting age
Dark Age
Ending age
Imperial Age
RankedLock teamsTeams togetherTeam positionsShared explorationLock speedFull tech treeHidden civsTurbo modeCheats
Victory
Defeat
1133
+15
🇦🇺 Khmer · Australia
1115
-15
Clingon
3:16 Loom
10:36 Feudal Age
11:05 Double-Bit Axe
11:01 Horse Collar
15:35 Wheelbarrow
19:29 Castle Age
18:12 Stone Mining
23:46 Stone Shaft Mining
23:04 Gold Mining
23:15 Heavy Plow
23:39 Fletching
31:00 Bodkin Arrow
31:39 Ballistics
32:53 Bow Saw
36:56 Imperial Age
34:12 Town Watch
34:48 Murder Holes
36:50 Hand Cart
36:35 Town Patrol
37:08 Masonry
40:14 Bracer
41:29 Gold Shaft Mining
41:50 Pikeman
42:18 Arson
42:46 Forging
42:36 Scale Mail Armor
43:20 Hoardings
43:05 Conscription
42:32 Halberdier
44:28 Chemistry
43:59 Architecture
44:56 Chain Mail Armor
45:16 Iron Casting
45:56 Conscription
45:11 Capped Ram
46:11 Fortified Wall
46:30 Siege Ram
48:39 Hoardings
53:16 Blast Furnace
53:13 Cavalier
59:03 Redemption
Blazing Cartesia, The Virtuous
6:16 Loom
9:39 Feudal Age
10:02 Double-Bit Axe
10:43 Horse Collar
19:04 Castle Age
17:27 Gold Mining
18:04 Stone Mining
18:54 Crossbowman
19:46 Forging
19:28 Fletching
19:51 Bow Saw
20:38 Bloodlines
20:43 Scale Barding Armor
25:34 Heavy Plow
29:36 Wheelbarrow
32:47 Imperial Age
31:54 Hand Cart
32:15 Town Watch
32:25 Cavalier
33:53 Gold Shaft Mining
34:20 Two-Man Saw
35:05 Savar
40:36 Light Cavalry
41:23 Hussar
42:28 Chain Barding Armor
43:19 Forging
43:20 Husbandry
43:36 Citadels
43:47 Conscription
44:02 Hoardings
43:28 Kamandaran
44:18 Thumb Ring
45:16 Bodkin Arrow
46:38 Ballistics
47:18 Chemistry
49:32 Iron Casting
57:41 Elite War Elephant
57:54 Sappers
64:27 Murder Holes
64:43 Masonry
69:36 Padded Archer Armor
70:11 Plate Barding Armor
70:37 Blast Furnace
Connection lost

Rejoining the realm…

Still unreachable

The connection could not be restored.

Session expired

The server has moved on; the page needs a fresh start.